 Dungeon Crawl Stone Soup version 0.31-a0-1160-gf211197 (webtiles) character file.

Game seed: 16214081905345968007

282 nkoura the Cudgeller (level 6, -3/47 HPs)
             Began as a Demonspawn Gladiator on Dec 8, 2023.
             Slain by a gnoll
             ... wielding a +2 halberd of freezing
              (12 damage)
             ... on level 4 of the Dungeon.
             The game lasted 00:03:02 (2392 turns).

nkoura the Cudgeller (Demonspawn Gladiator)         Turns: 2392, Time: 00:03:03

Health: -3/47      AC:  7    Str: 16    XL:     6   Next: 6%
Magic:  6/6        EV: 12    Int:  9    God:
Gold:   211        SH:  0    Dex: 14    Spells: 5/5 levels left

rFire   . . .        h - +1 whip (venom)
rCold   . . .        (no shield)
rNeg    . . .        b - +0 leather armour
rPois   .            c - +0 helmet
rElec   .            (no cloak)
rCorr   .            (no gloves)
SInv    .            (no boots)
Will    .....        (no amulet)
Stlth   +            (no ring)
HPRegen 0.27/turn    (no ring)
MPRegen 0.10/turn

%: no passive effects
@: no status effects
A: molten scales 2, spiny 2
a: no special abilities


You were on level 4 of the Dungeon.
You visited 1 branch of the dungeon, and saw 4 of its levels.

You collected 211 gold pieces.

Inventory:

Hand Weapons
 h - a +1 whip of venom (weapon)
Missiles
 d - 3 throwing nets (quivered)
 e - a javelin
Armour
 b - a +0 leather armour (worn)
 c - a +0 helmet (worn)
Scrolls
 g - 5 scrolls of identify {unknown}
 i - a scroll of fear {unknown}
 j - 2 scrolls of enchant weapon {unknown}
 k - a scroll of teleportation {unknown}
 l - a scroll of enchant armour {unknown}
 m - a scroll of summoning {unknown}
 o - a scroll of revelation {unknown}
Potions
 a - a potion of haste {unknown}
 f - 5 potions of curing {unknown}
 n - a potion of resistance {unknown}
 p - 2 potions of cancellation {unknown}
 q - a potion of might {unknown}


   Skills:
 + Level 3.6 Fighting
 * Level 4.8 Maces & Flails
 - Level 1.7 Throwing
 + Level 2.4 Armour
 - Level 2.6 Dodging


You had 5 spell levels left.
You didn't know any spells.
Your spell library contained the following spells:

 Spells                   Type           Power      Damage    Failure   Level
 Dazzling Flash           Conj/Hex       0%         N/A       82%         3
 Volatile Blastmotes      Fire/Tloc      0%         2d10      82%         3
 Starburst                Conj/Fire      0%         6d3       100%        6
 Maxwell's Capacitive Co  Air            0%         ∞         100%        8


Dungeon Overview and Level Annotations

Branches:
Dungeon (4/15)
 Temple: D:4-7

Altars:

Shops:
D:2 [

Annotations:
D:3 2 transporters


Innate Abilities, Weirdness & Mutations

You are mostly covered in molten scales. (AC +3)
You are mostly covered in sharp spines.


Message History

The gnoll hits you from afar with a +0 spear.
The gnoll misses you.
You hit the gnoll.
The gnoll is almost dead.
You kill the gnoll!
The gnoll hits you from afar with a +0 spear.
The gnoll barely misses you.
You have reached level 6!
You closely miss the ball python.
The ball python is struck by your spines.
You kill the ball python!
The gnoll barely misses you.
The gnoll hits you from afar with a +2 halberd of freezing!
The gnoll freezes you.
You are too injured to fight recklessly!
The gnoll barely misses you. The gnoll closely misses you.
You barely miss the gnoll. You hit the gnoll.
The gnoll is heavily wounded.
The gnoll hits you with a +0 spear. The gnoll closely misses you.
You completely miss the gnoll.
The gnoll is heavily wounded.
The gnoll is struck by your spines. The gnoll hits you with a +0 spear.
The gnoll closely misses you. The gnoll hits you with a +0 spear.
The gnoll is struck by your spines.
The gnoll hits you with a +2 halberd of freezing.
* * * LOW HITPOINT WARNING * * *
The gnoll freezes you.
* * * LOW HITPOINT WARNING * * *
Things that are here:
a +0 club; a gnoll corpse You hit the gnoll but do no damage.
The gnoll is poisoned.
The gnoll is heavily wounded.
The gnoll is struck by your spines.
You kill the gnoll!
The gnoll is struck by your spines. The gnoll barely misses you.
You hit the gnoll.
The gnoll is almost dead.
The gnoll hits you with a +2 halberd of freezing!
You die...

#..#### #.......#
#.....# #.......
#..#.... #......#
#..####. #......# ##.##
## #...... #..# #.....#
###.###
#..g.#####.....##
#..@###.........###
##)....##.........##
#..$...)####.......#...
..##..####
#........##.. #.#
#.......##### ..#
#.......# # ...
##....### .>. ###### ..


You could see a gnoll (very poisoned).

Vanquished Creatures
  A black bear (D:4)
  A jelly (D:3)
  An iguana (D:4)
  A sleepcap (D:4)
  3 gnolls (D:4)
  An adder (D:2)
  4 worms
  2 dart slugs
  An orc (D:3)
  5 ball pythons
  5 endoplasms
  2 giant cockroaches
  4 hobgoblins
  6 kobolds
  3 quokkas
  5 bats
  3 frilled lizards
  4 goblins
  4 rats
56 creatures vanquished.

Notes
Turn   | Place    | Note
-------+----------+-------------------------------------------
     0 | D:1      | nkoura the Demonspawn Gladiator began the quest for the
                  | Orb.
     0 | D:1      | Reached XP level 1. HP: 16/16 MP: 1/1
   278 | D:1      | Reached skill level 3 in Maces & Flails
   278 | D:1      | Gained mutation: You are partially covered in sharp spines.
                  | [demonic ancestry]
   278 | D:1      | Reached XP level 2. HP: 22/22 MP: 2/2
   807 | D:2      | Gained mutation: You are partially covered in molten
                  | scales. (AC +2) [demonic ancestry]
   807 | D:2      | Reached XP level 3. HP: 28/28 MP: 3/3
   856 | D:2      | Reached skill level 1 in Armour
   957 | D:2      | Found Syuxug's Armour Shop.
  1155 | D:2      | Found a faded altar of an unknown god.
  1239 | D:3      | Gained mutation: You are mostly covered in molten scales.
                  | (AC +3) [demonic ancestry]
  1239 | D:3      | Reached XP level 4. HP: 3/34 MP: 4/4
  1406 | D:3      | Found a transporter.
  1422 | D:3      | Found a transporter.
  1934 | D:4      | Reached skill level 4 in Maces & Flails
  2118 | D:4      | Noticed a black bear
  2120 | D:4      | Gained mutation: You are mostly covered in sharp spines.
                  | [demonic ancestry]
  2120 | D:4      | Reached XP level 5. HP: 29/41 MP: 5/5
  2128 | D:4      | Killed a black bear
  2385 | D:4      | Reached XP level 6. HP: 32/47 MP: 6/6
  2392 | D:4      | Slain by a gnoll

Illustrated notes

Levels and vault maps discovered:
D:1:      dpeg_arrival_rooms_with_view, layout_basic, serial_curves,
          eino_curves_03, eino_curves_02
D:2:      layout_rooms, shapermc_ecumenical_altar_hornbeckon, serial_shops, shop
D:3:      gammafunk_wand_slinger, layout_rooms, serial_glass, glass_columns_a,
          glass_columns_a, glass_columns_b, glass_columns_a,
          wander_ebering_terrifying_dragon_lair
D:4:      layout_cave_pods

Skill      XL: |  1  2  3  4  5 |
---------------+----------------+-----
Maces & Flails | 3 4 |  4.8
Armour         | 1 2 |  2.4
Fighting       | 3 |  3.6
Throwing       | |  1.7
Dodging        | |  2.6

Action                     |  1- 3 |  4- 6 || total
---------------------------+-------+-------++-------
  Melee: Flail             |    36 |       ||    36
         Whip              |    46 |    63 ||   109
         Punch             |     2 |       ||     2
   Stab: Sleeping          |     1 |       ||     1
 Armour: Leather armour    |    32 |    43 ||    75
  Dodge: Dodged            |    49 |    35 ||    84

Table legend: (Time is in decaauts)
 A = Elapsed time spent in this place.
 B = Non-inter-level travel time spent in this place.
 C = Inter-level travel time spent in this place.
 D = Time resting spent in this place.
 E = Time spent auto-exploring this place.
 F = Levels seen in this place.
 G = Mean time per level.
                   A        B        C        D        E       F      G
               +--------+--------+--------+--------+--------+-----+--------+
         Total |   2398 |   2334 |     64 |      0 |   1942 |   4 |  599.5 |
       Dungeon |   2398 |   2334 |     64 |      0 |   1942 |   4 |  599.5 |
               +--------+--------+--------+--------+--------+-----+--------+

Top non-repeatable levels by time:
     D:1: 775 daAuts
     D:4: 595 daAuts
     D:3: 590 daAuts
     D:2: 437 daAuts
